cohdb
Replays
Latest Replays
All Replays
Popular Replays
Top Player Replays
Match Explorer
How It Works
Community
CoH3 Stats
Reddit
Sign in to upload your games and track your stats! →
Sign in with Steam
Match 44233092
Unlisted
Match 44233092
Overview
Messages
Build Orders
End
Selects Australian Defense Battlegroup
Selects Australian Light Infantry Section
Australian Light Infantry Section
Construct Section Command Post
Dingo Light Scout Car
Australian Light Infantry Section
Infantry Section
Selects 2-pounder Anti-tank Gun Team
2-pounder Anti-tank Gun Team
Construct Platoon Command Post
Construct Platoon Command Post
Construct Field Infirmary
Vickers Machine Gun Team
Unlock M3 Stuart Light Tanks
ML 3-inch Mortar Team
M3 Stuart Light Tank
M3 Stuart Light Tank
Selects Vehicle Over Repair
rocketpossum
Willaguy
0
0
Comments
sign in to comment!
No comments posted yet!